 Dungeon Crawl Stone Soup version 0.31.0-11-ge490571c62 (webtiles) character file.

Game seed: 6037325152867360769

79173 hikkokomori the Fighter (level 16, -12/128 (131) HPs)
             Began as a Formicid Fighter on Feb 2, 2024.
             Was a High Priest of Okawaru.
             Killed from afar by Azrael (46 damage)
             ... with a fireball
             ... in the Arena.
             The game lasted 00:48:40 (24821 turns).

hikkokomori the Fighter (Formicid Fighter)         Turns: 24821, Time: 00:48:41

HP:   -12/128 (131) AC: 16    Str: 25    XL:     16   Next: 10%
MP:   9/23          EV: 21    Int: 14    God:    Okawaru [*****.]
Gold: 1742          SH: 13    Dex: 15    Spells: 22/25 levels left

rFire   . . .        K - +2 battleaxe (flame)
rCold   . . .        c - +0 buckler
rNeg    + . .        B - +5 scale mail of Hirich {Harm Fly Stlth+}
rPois   +            (helmet unavailable)
rElec   +            E - scarf {repulsion}
rCorr   .            Q - +0 pair of gloves of the Feral God {^Drain +Inv rElec}
SInv    +            (no boots)
Will    +....        o - amulet of reflection
Stlth   +++          R - ring of Free Expression {+Blink rPois rN+ Int+4}
HPRegen 0.41/turn    n - +5 ring of evasion
MPRegen 0.18/turn

%: harm (+30% outgoing, +20% incoming), repel missiles, reflection
@: heroic, finesse-ful, flying, lightly drained, duelling
A: permanent stasis, dig shafts and tunnels, antennae 3, four strong arms
a: Dig, Renounce Religion, Evoke Invisibility, Heroism, Finesse, Duel


You were in the Arena.
You worshipped Okawaru.
Okawaru was extremely pleased with you.
You visited 4 branches of the dungeon, and saw 20 of its levels.

You collected 1902 gold pieces.
You spent 160 gold pieces at shops.

Inventory:

Hand Weapons
 K - a +2 battleaxe of flaming (weapon)
 N - a +0 battleaxe of electrocution
 O - a +3 heavy executioner's axe
Missiles
 e - 2 curare-tipped darts
 i - 21 poisoned darts (quivered)
 H - 5 atropa-tipped darts
 P - 10 javelins
 T - 4 darts of dispersal
 Y - 2 silver javelins
Armour
 c - a +0 buckler (worn)
 s - a +0 plate armour
 B - the +5 scale mail of Hirich (worn) {Harm Fly Stlth+}
   (You found it on level 8 of the Dungeon)

   Fly:       It grants you flight.
   Harm:      It increases damage dealt and taken.
   Stlth+:    It makes you more stealthy.
 E - a scarf of repulsion (worn)
 F - a +2 robe of cold resistance
 Q - the +0 pair of gloves of the Feral God (worn) {^Drain +Inv rElec}
   (Okawaru gifted it to you on level 11 of the Dungeon)

   rElec:     It insulates you from electricity.
   +Inv:      It lets you turn invisible.
   ^Drain:    It drains your maximum health when unequipped.
Jewellery
 k - a +4 ring of protection
 n - a +5 ring of evasion (right hand)
 o - an amulet of reflection (around neck)
 D - a ring of ice
 R - the ring of Free Expression (left hand) {+Blink rPois rN+ Int+4}
   (You found it on level 1 of the Lair of Beasts)

   [ring of positive energy]

   Int+4:     It affects your intelligence (+4).
   rPois:     It protects you from poison rN+: It protects you from negative
   energy.
   +Blink:    It lets you blink.
 S - a +5 ring of evasion
 U - the ring of Xom's Amusement {rCorr Str+6 Int+5}
   (You found it on level 2 of the Lair of Beasts)

   [ring of strength]

   Str+6:     It affects your strength (+6).
   Int+5:     It affects your intelligence (+5).
   rCorr:     It protects you from acid and corrosion.
 V - a ring of positive energy
Wands
 r - a wand of iceblast (5)
 G - a wand of digging (3)
 L - a wand of polymorph (3)
 X - a wand of flame (33)
 Z - a wand of mindburst (9)
Scrolls
 b - 3 scrolls of fear
 h - 2 scrolls of revelation
 l - a scroll of torment
 p - a scroll of vulnerability
 q - 2 scrolls of fog
 u - 2 scrolls of identify
 v - a scroll of enchant armour
 x - 3 scrolls of amnesia
 y - a scroll of immolation
 A - 2 scrolls of noise
 C - 2 scrolls of silence
 J - 2 scrolls of poison
Potions
 a - 11 potions of ambrosia
 d - 3 potions of might
 f - 2 potions of berserk rage
 g - 5 potions of magic
 j - 6 potions of curing
 m - 3 potions of enlightenment
 t - 5 potions of mutation
 w - 2 potions of attraction
 z - 4 potions of lignification
 I - 4 potions of brilliance


   Skills:
 + Level 13.3(18.3) Fighting
 + Level 13.2(18.2) Axes
 - Level 5.6(10.6) Throwing
 - Level 9.1(14.1) Armour
 - Level 6.2(11.2) Dodging
 - Level 11.3(16.3) Shields
 + Level 5.2 Spellcasting
 - Level 5.7 Necromancy
 + Level 10.3 Invocations
 + Level 12.1 Evocations


You had 22 spell levels left.
You knew the following spells:

 Your Spells              Type           Power      Damage    Failure   Level
a - Fugue of the Fallen   Necr           19%        N/A       10%         3

Your spell library contained the following spells:

 Spells                   Type           Power      Damage    Failure   Level
 Necrotise                Necr           76%        1d7       3%          1
 Vampiric Draining        Necr           19%        2d7       10%         3
 Magic Dart               Conj           12%        1d3       34%         1
 Ensorcelled Hibernation  Hex/Ice        6%         N/A       47%         2
 Jinxbite                 Hex            6%         N/A       47%         2
 Scorch                   Fire           6%         2d5       47%         2
 Static Discharge         Conj/Air       6%         3-4/arc   47%         2
 Curse of Agony           Necr           19%        N/A       65%         5
 Ozocubu's Armour         Ice            3%         N/A       71%         3
 Stone Arrow              Conj/Erth      6%         3d7       71%         3
 Anguish                  Hex/Necr       5%         N/A       71%         4
 Airstrike                Air            1%         2d(1-17)  98%         4
 Flame Wave               Conj/Fire      3%         2d5       98%         4
 Manifold Assault         Tloc           3%         N/A       98%         4
 Yara's Violent Unravell  Hex/Alch       1%         3d3       100%        5
 Enfeeble                 Hex            1%         N/A       100%        7
 Lehudib's Crystal Spear  Conj/Erth      1%         10d2      100%        8
 Blink                    Tloc           Unusable   N/A       N/A         2
 Call Imp                 Summ           Unusable   N/A       N/A         2
 Martyr's Knell           Necr/Summ      Unusable   N/A       N/A         4
 Animate Armour           Summ/Erth      Unusable   N/A       N/A         4
 Summon Lightning Spire   Summ/Air       Unusable   N/A       N/A         4
 Summon Cactus Giant      Summ           Unusable   N/A       N/A         6

Dungeon Overview and Level Annotations

Branches:
Dungeon (12/15)            Temple (0/1) D:4            Lair (5/5) D:10
 Shoals (0/4) Lair:3        Snake (1/4) Lair:2        Slime (0/5) Lair:4
    Orc (2/2) D:12            Elf (0/3) Orc:2

Altars:
Cheibriados
Elyvilon
Fedhas
Hepliaklqana
Makhleb
Okawaru
Uskayaw
Vehumet
Wu Jian
Yredelemnul
Zin

Shops:
D:6 :[:   D:7 !   D:12 ([   Orc:2 ((:!

Annotations:
D:12 3 runed translucent doors, squishfish's ghost, journeyman TrMo Arena Azrael


Innate Abilities, Weirdness & Mutations

You cannot be hasted, slowed, berserked, paralysed or teleported.
You can dig through walls and to a lower floor.
You have a pair of large antennae on your head. (SInv)
Your four strong arms can wield two-handed weapons with a shield.


Message History

You dig through the rock wall.
You feel drained.
You retract your mandibles.
You slice the fire elemental!!
You destroy the fire elemental!
Okawaru accepts your kill.
You completely miss the hell hound. The hell hound breathes flames at you.
The blast of flame hits you. The hell hound misses you.
You barely miss the hell hound. The hell hound closely misses you.
You closely miss the hell hound. The hell hound closely misses you.
The hell hound completely misses you.
You gain the combat prowess of a mighty hero.
The hell hound breathes flames at you. The blast of flame misses you.
Azrael gestures at you.
The fireball explodes!
The fireball engulfs the hell hound.
The hell hound completely resists.
The fireball engulfs Azrael.
Azrael completely resists.
The fireball engulfs you!!! You block the hell hound's attack.
You hear a bark!
Unknown command.
Okay, then.
Aiming: Duel (14% risk of failure)
Press: ? - help, Dir - move target, f - Azrael
Aim: Azrael, wielding a +3 scimitar of flaming You enter into single combat with Azrael!
The world spins around you as you enter the gateway.
You enter Okawaru's Arena!
Found a gate leading back out of this place.
The spectator shouts! x6
Azrael gestures at you.
The fireball explodes!
The fireball engulfs you!!
* * * LOW HITPOINT WARNING * * *
The fireball engulfs Azrael.
Azrael completely resists.
There is an empty arch of ancient stone here.
You can now deal lightning-fast blows.
The spectator shouts! x3
Azrael gestures at you.
The fireball explodes!
The fireball engulfs you!!!
You die...
Okawaru crowns Azrael victorious!

#########
##.p▓▓▓p.##
##..▓▓.▓▓..##
##.p▓▓...▓▓p.##
#..▓▓.....▓▓..#
#p▓▓.......▓▓p#
#.▓.........▓▓#
##▓....@R...▓∩#
#.▓.........▓▓#
#p▓▓.......▓▓p#
#..▓▓.....▓▓..#
##.p▓▓...▓▓p.##
##..▓▓.▓▓..##
##.p▓▓▓p.##
#########


You could see Azrael.

Vanquished Creatures
  Josephine (Lair:5)
  2 hydras (Lair:5)
  Fannar (Orc:1)
  A catoblepas (D:9)
  A death yak (Lair:2)
  3 boulder beetles
  8 two-headed ogres
  A merfolk avatar (Lair:5)
  A naga warrior (Snake:1)
  2 naga sharpshooters (Snake:1)
  6 orc high priests
  2 skysharks
  9 skeletal warriors (D:12)
  A mana viper (Snake:1)
  10 orc knights
  A harpy (Lair:5)
  2 orc sorcerers
  7 manticores
  6 oklob plants
  A cyclops (D:12)
  12 black mambas
  An ice statue (D:11)
  10 elephants
  10 cane toads
  2 gargoyles (D:12)
  5 komodo dragons
  An unseen horror (D:11)
  3 rime drakes
  2 trolls
  A queen bee (Lair:1)
  6 hornets
  8 polar bears
  25 blink frogs
  2 snapping turtles
  Sigmund (D:4)
  2 shadows
  A water elemental (Lair:3)
  35 yaks
  6 wyverns
  7 wraiths
  8 basilisks
  5 steam dragons
  A fire elemental (Snake:1)
  4 wargs
  4 vampire mosquitoes (D:11)
  6 nagas
  An acid dragon (D:11)
  18 water moccasins
  38 orc warriors
  2 ice beasts
  A sky beast (D:6)
  3 black bears (D:10)
  6 ogres
  18 wolves
  A phantom (D:7)
  8 centaurs
  15 bullfrogs
  2 kobold brigands
  A gnoll sergeant (D:10)
  2 scorpions (D:6)
  12 wights
  29 killer bees
  3 electric eels
  7 howler monkeys
  19 orc priests
  2 hounds
  3 jellies
  A bombardier beetle (D:7)
  3 sleepcaps
  An iguana (D:3)
  17 orc wizards
  11 gnolls
  9 adders
  A white imp (D:7)
  10 ufetubi
  4 dart slugs
  A ribbon worm (D:3)
  64 orcs
  6 ball pythons
  8 endoplasms
  4 giant cockroaches
  9 goblins
  12 hobgoblins
  6 jackals (D:3)
  4 quokkas
  5 bats
  3 frilled lizards
  15 kobolds
  6 rats
625 creatures vanquished.

Vanquished Creatures (others)
  2 orc priests (Orc:2)
  3 orcs (Orc:2)
5 creatures vanquished.

Grand Total: 630 creatures vanquished

Notes
Turn   | Place    | Note
-------+----------+-------------------------------------------
     0 | D:1      | hikkokomori the Formicid Fighter began the quest for the
                  | Orb.
     0 | D:1      | Reached XP level 1. HP: 18/18 MP: 1/1
    93 | D:1      | Reached XP level 2. HP: 16/24 MP: 2/2
   365 | D:1      | Reached XP level 3. HP: 30/30 MP: 3/3
   778 | D:1      | Found a faded altar of an unknown god.
  1017 | D:2      | Reached XP level 4. HP: 38/38 MP: 4/4
  1075 | D:2      | Found an iron altar of Okawaru.
  1287 | D:2      | Became a worshipper of Warmaster Okawaru
  1528 | D:2      | Reached XP level 5. HP: 43/43 MP: 5/5
  1913 | D:3      | Found a hazy altar of Hepliaklqana.
  1946 | D:3      | Found a basalt altar of Yredelemnul.
  2010 | D:3      | Reached skill level 1 in Invocations
  2026 | D:3      | Reached skill level 5 in Fighting
  2135 | D:3      | Reached XP level 6. HP: 15/51 MP: 7/7
  3038 | D:4      | Noticed Sigmund
  3069 | D:4      | Killed Sigmund
  3069 | D:4      | Reached * piety under Okawaru
  3070 | D:4      | Reached skill level 5 in Shields
  3070 | D:4      | Reached skill level 1 in Evocations
  3070 | D:4      | Reached XP level 7. HP: 41/56 MP: 7/9
  3247 | D:4      | Found a staircase to the Ecumenical Temple.
  3585 | D:5      | Entered Level 5 of the Dungeon
  4620 | D:6      | Reached XP level 8. HP: 64/64 MP: 10/10
  4636 | D:6      | Reached skill level 5 in Axes
  4686 | D:6      | Found a blossoming altar of Fedhas.
  4839 | D:6      | Reached ** piety under Okawaru
  4911 | D:6      | Found an ornate altar of the Wu Jian Council.
  5041 | D:6      | Reached skill level 5 in Invocations
  5259 | D:6      | Noticed a hornet
  5279 | D:6      | Killed a hornet
  5280 | D:6      | Reached XP level 9. HP: 9/72 MP: 9/13
  5284 | D:6      | HP: 3/72 [poisoned by a hornet]
  5287 | D:6      | HP: 1/72 [poisoned by a hornet]
  5616 | D:6      | Found Acehymp's Antique Armour Shoppe.
  6233 | D:6      | Found Waurr's Book Boutique.
  6235 | D:6      | Found Kuhegig's Book Shoppe.
  6821 | D:7      | Reached skill level 5 in Evocations
  6851 | D:7      | Found Mebaapt's Distillery.
  7064 | D:7      | Found a snail-covered altar of Cheibriados.
  7330 | D:7      | Found a glowing silver altar of Zin.
  7441 | D:8      | Noticed a hornet
  7450 | D:8      | Killed a hornet
  7451 | D:8      | Reached skill level 1 in Throwing
  7461 | D:8      | Identified the +5 scale mail of Hirich {Harm Fly Stlth+}
  7520 | D:8      | Reached *** piety under Okawaru
  7653 | D:8      | Reached XP level 10. HP: 82/82 MP: 14/14
  7709 | D:6      | Bought a glowing scarf for 160 gold pieces
  8038 | D:8      | Reached skill level 1 in Dodging
  8440 | D:9      | Noticed a two-headed ogre
  8440 | D:9      | Noticed a two-headed ogre
  8447 | D:9      | Killed a two-headed ogre
  8447 | D:9      | Reached **** piety under Okawaru
  8451 | D:9      | Killed a two-headed ogre
  8624 | D:9      | Reached skill level 5 in Armour
  8731 | D:9      | Reached XP level 11. HP: 86/88 MP: 15/15
  8784 | D:9      | Reached ***** piety under Okawaru
  8880 | D:9      | Found a white marble altar of Elyvilon.
  8968 | D:9      | Noticed a catoblepas
  8995 | D:9      | Killed a catoblepas
  9443 | D:10     | Entered Level 10 of the Dungeon
  9493 | D:10     | Found a staircase to the Lair.
  9679 | D:10     | Noticed a two-headed ogre
  9692 | D:10     | Killed a two-headed ogre
  9693 | D:10     | Reached skill level 10 in Fighting
 10152 | D:10     | Noticed a two-headed ogre
 10157 | D:10     | Killed a two-headed ogre
 10363 | D:10     | Found a radiant altar of Vehumet.
 10373 | D:10     | Found a burning altar of Makhleb.
 10377 | D:10     | Found a hide-covered altar of Uskayaw.
 10847 | D:11     | Noticed a manticore
 10855 | D:11     | Killed a manticore
 10856 | D:11     | Reached XP level 12. HP: 85/98 MP: 17/17
 10945 | D:11     | Reached ****** piety under Okawaru
 10945 | D:11     | Received a gift from Okawaru
 10946 | D:11     | Acquired a +3 heavy executioner's axe
 10946 | D:11     | Received a gift from Okawaru
 10949 | D:11     | Acquired the +0 pair of gloves of the Feral God {^Drain
                  | +Inv rElec}
 10949 | D:11     | Received a gift from Okawaru
 11311 | D:11     | Noticed a boulder beetle
 11338 | D:11     | Killed a boulder beetle
 11401 | D:11     | Noticed a two-headed ogre
 11404 | D:11     | Killed a two-headed ogre
 11634 | Lair:1   | Entered Level 1 of the Lair of Beasts
 11957 | Lair:1   | Received a gift from Okawaru
 11958 | Lair:1   | Reached skill level 10 in Shields
 12180 | Lair:1   | Identified the ring of Free Expression {+Blink rPois rN+
                  | Int+4}
 12317 | Lair:1   | Noticed a boulder beetle
 12340 | Lair:1   | Killed a boulder beetle
 12341 | Lair:1   | Reached skill level 10 in Axes
 12711 | Lair:1   | Received a gift from Okawaru
 13185 | Lair:2   | Reached XP level 13. HP: 98/106 MP: 19/19
 13514 | Lair:2   | Found a staircase to the Snake Pit.
 13694 | Lair:2   | Reached skill level 5 in Throwing
 14018 | Lair:2   | Received a gift from Okawaru
 14840 | Lair:2   | Identified the ring of Xom's Amusement {rCorr Str+6 Int+5}
 14974 | Lair:2   | Learned a level 3 spell: Fugue of the Fallen
 15223 | Lair:3   | Reached skill level 1 in Necromancy
 16051 | Lair:3   | Found a staircase to the Shoals.
 16447 | Lair:4   | Received a gift from Okawaru
 16473 | Lair:4   | Reached XP level 14. HP: 81/115 MP: 20/20
 17195 | Lair:4   | Reached skill level 5 in Dodging
 17225 | Lair:4   | Received a gift from Okawaru
 17723 | Lair:4   | Found a staircase to the Slime Pits.
 17850 | Lair:4   | Reached skill level 10 in Evocations
 18429 | D:12     | Reached skill level 5 in Necromancy
 18878 | D:12     | Received a gift from Okawaru
 18980 | D:12     | Found a staircase to the Orcish Mines.
 18980 | D:12     | Found Qaakeg's Armour Shop.
 18980 | D:12     | Found Raelu's Weapon Shop.
 19279 | D:12     | Found a runed translucent gate.
 19279 | D:12     | Found a runed translucent gate.
 19279 | D:12     | Found a runed translucent gate.
 19282 | D:12     | Noticed squishfish's ghost (journeyman TrMo)
 19674 | Orc:1    | Entered Level 1 of the Orcish Mines
 19876 | Orc:1    | Reached skill level 1 in Spellcasting
 20050 | Orc:1    | Reached XP level 15. HP: 120/120 MP: 21/21
 20230 | Orc:2    | Entered Level 2 of the Orcish Mines
 22139 | Orc:2    | Found a staircase to the Elven Halls.
 22237 | Orc:2    | Received a gift from Okawaru
 22486 | Orc:2    | Found Peug's Book Emporium.
 22488 | Orc:2    | Found Tioth's Antique Weapon Emporium.
 22493 | Orc:2    | Found Qoynazxu's Antique Weapon Shoppe.
 22494 | Orc:2    | Found Fiocumm's Distillery.
 22633 | Orc:1    | Noticed Fannar
 22664 | Orc:1    | Killed Fannar
 23015 | Lair:5   | Entered Level 5 of the Lair of Beasts
 23394 | Lair:5   | Received a gift from Okawaru
 23588 | Lair:5   | Reached skill level 10 in Invocations
 23983 | Lair:5   | Noticed Josephine
 23989 | Lair:5   | Killed Josephine
 23990 | Lair:5   | Reached skill level 5 in Spellcasting
 24270 | Snake:1  | Entered Level 1 of the Snake Pit
 24313 | Snake:1  | Reached XP level 16. HP: 128/131 MP: 23/23
 24576 | Snake:1  | Received a gift from Okawaru
 24812 | Snake:1  | Noticed Azrael
 24820 | Arena    | Entered the Arena
 24821 | Arena    | Killed from afar by Azrael

Illustrated notes

Levels and vault maps discovered:
D:1:      lemuel_arrival_room, layout_basic,
          hellmonk_ecumenical_altar_prayer_group
D:2:      layout_basic, basic_altar
D:3:      layout_loops_corners, mainiacjoe_overflow_catwalk_spiral
D:4:      layout_basic, temple_pool_b, uniq_sigmund
D:5:      layout_basic
D:6:      layout_loops_cross, fedhas_ov_isle_minmay, lemuel_doored_altar,
          nicolae_wooded_promenade, chequers_serial_rivers_micro_b,
          minmay_misc_feat_tower
D:7:      layout_gridville, kennysheep_slug_shrine, zin_scriptorium,
          serial_shops, nicolae_shop_trees
D:8:      layout_basic
D:9:      layout_roguey, mainiacjoe_overflow_catwalk,
          chequers_serial_rivers_room_b
D:10:     layout_loops_ring, minmay_overflow_temple_star_quad,
          due_lair_maze_entry_diamond, minmay_misc_feat_rows
D:11:     layout_long_grid, minmay_statue_bubble
D:12:     layout_irregular_city, orc_david_3, gammafunk_ghost_necromancy
Lair:1:   layout_cave_shapes, special_room [special_room_bee],
          nzn_sisyphean_effort
Lair:2:   minmay_lair_oklob_tunnel, layout_concentric_octagons,
          minmay_snake_entry_guardpost_small
Lair:3:   layout_small_grid, minmay_shoals_entry_hut
Lair:4:   layout_long_grid, minmay_slime_entry_oklob_open,
          cheibrodos_lair_lostbears, grunt_megastairs_4
Lair:5:   gammafunk_lair_ancient_temple, layout_cellular_growth,
          grunt_forest_small_clearing_treed, uniq_josephine
Snake:1:  layout_basic, serial_shops, shop, uniq_azrael
Orc:1:    layout_caves, nicolae_orc_lava_tube, uniq_fannar
Orc:2:    st_orc_pillars, layout_diamond_mine
Arena

Skill      XL: |  1  2  3  4  5  6  7  8  9 10 11 12 13 14 15 |
---------------+----------------------------------------------+-----
Fighting       | 4 5 6 7 8 9 10 11 12 13 | 13.3
Axes           | 3 4 5 7 8 9 10 11 12 13 | 13.2
Invocations    | 1 2 3 5 7 8 10 | 10.3
Shields        | 5 6 8 10 11 | 11.3
Evocations     | 1 2 4 6 7 9 10 12 | 12.1
Throwing       | 2 4 5 |  5.6
Dodging        | 2 4 6 |  6.2
Armour         | 5 6 8 9 |  9.1
Necromancy     | 2 5 |  5.7
Spellcasting   | 1 5 |  5.2

Action                     |  1- 3 |  4- 6 |  7- 9 | 10-12 | 13-15 | 16-18 || total
---------------------------+-------+-------+-------+-------+-------+-------++-------
  Melee: War axe           |    85 |   180 |   300 |   119 |       |       ||   684
         Battleaxe         |       |       |       |   355 |   923 |    46 ||  1324
         Executioner's axe |       |       |       |       |     4 |       ||     4
   Fire: Orcbow            |       |       |    19 |       |       |       ||    19
  Throw: Dart              |       |       |     5 |    11 |    10 |     2 ||    28
         Stone             |       |       |     4 |       |       |       ||     4
         Javelin           |       |       |       |     2 |     1 |       ||     3
 Invoke: Heroism           |       |       |     4 |    10 |    28 |     1 ||    43
         Receive Weapon    |       |       |       |     1 |       |       ||     1
         Receive Armour    |       |       |       |     1 |       |       ||     1
         Finesse           |       |       |       |       |     1 |     1 ||     2
         Duel              |       |       |       |       |       |     1 ||     1
Ability: Dig               |       |       |       |     4 |     2 |     1 ||     7
         Evoke Invisibilit |       |       |       |     1 |     7 |       ||     8
  Evoke: Wand              |       |     1 |     2 |     1 |     6 |       ||    10
    Use: Potion            |     1 |     2 |     6 |     1 |     3 |       ||    13
         Scroll            |     1 |       |     3 |    14 |     6 |       ||    24
   Stab: Sleeping          |       |       |     1 |       |       |       ||     1
         Invisible         |       |       |       |     4 |    42 |       ||    46
 Armour: Scale mail        |    63 |    99 |    14 |   291 |   419 |    21 ||   907
         Plate armour      |       |     8 |   270 |       |       |       ||   278
  Dodge: Dodged            |    37 |    57 |    97 |   426 |   590 |    34 ||  1241
         Repelled          |       |       |       |     1 |    13 |     2 ||    16
  Block: Buckler           |    20 |    77 |   199 |   390 |   649 |    38 ||  1373
         Reflection        |       |     4 |       |    13 |    36 |     3 ||    56
